 Dungeon Crawl Stone Soup version 0.29.1-15-g9cfb28693d (webtiles) character file.

Game seed: 14760743137698804945

214 Gabide the Trooper (level 5, -14/59 HPs)
             Began as an Ogre Monk on Mar 5, 2023.
             Demolished by Menkaure (17 damage)
             ... on level 4 of the Dungeon.
             The game lasted 00:10:06 (3670 turns).

Gabide the Trooper (Ogre Monk)                      Turns: 3670, Time: 00:10:07

Health: -14/59     AC:  4    Str: 19    XL:     5   Next: 91%
Magic:  5/5        EV: 11    Int: 11    God:
Gold:   242        SH:  0    Dex: 15    Spells: 4/4 levels left

rFire   . . .      SeeInvis .   a - +0 spear
rCold   . . .      Faith    .   (no shield)
rNeg    . . .      Spirit   .   i - +1 robe of the Lost Path {rPois Str+2 Dex+4}
rPois   +          Reflect  .   (helmet restricted)
rElec   .          Harm     .   (no cloak)
rCorr   .          Rampage  .   (gloves unavailable)
Will    +....                   (boots unavailable)
Stlth   ++........              (no amulet)
HPRegen 0.19/turn               g - ring of willpower
MPRegen 0.09/turn               h - ring of poison resistance

@: brilliant, attractive, unable to drink
A: large, unfitting armour, tough skin 1, inability to drink after injury 1
a: no special abilities


You were on level 4 of the Dungeon.
You visited 1 branch of the dungeon, and saw 5 of its levels.

You collected 242 gold pieces.

Inventory:

Hand Weapons
 a - a +0 spear (weapon)
 b - a +0 sling
Armour
 i - the +1 robe of the Lost Path (worn) {rPois Str+2 Dex+4}
   (You found it on level 4 of the Dungeon)

   Str:       It affects your strength (+2).
   Dex:       It affects your dexterity (+4).
   rPois:     It protects you from poison.
Jewellery
 e - the ring "Koicylim" {rPois rF- Int+6 Dex+4}
   (You took it off an orc on level 3 of the Dungeon)

   [ring of poison resistance]

   Int:       It affects your intelligence (+6).
   Dex:       It affects your dexterity (+4).
   rF:        It makes you vulnerable to fire.
   rPois:     It protects you from poison.
 g - a ring of willpower (left hand)
 h - a ring of poison resistance (right hand)
Potions
 k - a potion of degeneration {unknown}
 l - a potion of brilliance
 m - a potion of magic {unknown}
 o - a potion of might {unknown}
 p - 2 potions of attraction
 r - a potion of heal wounds {unknown}
 s - a potion of curing {unknown}


   Skills:
 * Level 5.8 Fighting
 * Level 4.3 Polearms
 + Level 4.0 Dodging
 - Level 1.4 Stealth


You had 4 spell levels left.
You didn't know any spells.
Your spell library contained the following spells:

 Spells                   Type           Power      Damage    Failure   Level
 Sting                    Tmut/Pois      0%         1d3       34%         1
 Ensorcelled Hibernation  Hex/Ice        0%         N/A       47%         2
 Poisonous Vapours        Pois/Air       0%         N/A       47%         2
 Sublimation of Blood     Necr           0%         N/A       47%         2
 Spider Form              Tmut/Pois      0%         N/A       71%         3
 Anguish                  Hex/Necr       0%         N/A       98%         4
 Olgreb's Toxic Radiance  Pois           0%         N/A       98%         4
 Petrify                  Tmut/Erth      0%         N/A       98%         4
 Irradiate                Conj/Tmut      0%         3d11      100%        5


Dungeon Overview and Level Annotations

Branches:
Dungeon (5/15)
 Temple: D:4-7

Altars:
Cheibriados
Makhleb

Annotations:
D:2 Sigmund
D:4 exclusion: centaur, Menkaure
D:5 Edmund


Innate Abilities, Weirdness & Mutations

You are too large for most types of armour.
You have tough skin. (AC +1)
You occasionally lose the ability to drink potions when taking damage.


Message History

You climb upwards.
Level annotation: exclusion: centaur
There is a stone staircase leading down here.
Okay, then.
a - a +0 spear (weapon)
You hit Menkaure but do no damage. Menkaure hits you!
You hit Menkaure but do no damage. Menkaure hits you!
You hit Menkaure but do no damage. You barely miss Menkaure. Menkaure hits you!
You hit Menkaure but do no damage. Menkaure closely misses you.
You hit Menkaure.
Menkaure is lightly damaged.
You hit Menkaure but do no damage.
Menkaure is lightly damaged.
Menkaure calls on the powers of darkness!
Your body is wracked with pain!
* * * LOW HITPOINT WARNING * * *
You are too injured to fight recklessly!
You are too injured to fight recklessly!
You are too injured to fight recklessly!
You are too injured to fight recklessly!
You are too injured to fight recklessly!
You are too injured to fight recklessly!
You are too injured to fight recklessly!
You are too injured to fight recklessly!
You are too injured to fight recklessly!
You are too injured to fight recklessly!
You are too injured to fight recklessly!
You are too injured to fight recklessly!
It was a potion of brilliance.
You feel clever all of a sudden. Menkaure hits you!
* * * LOW HITPOINT WARNING * * *
It was a potion of attraction.
You feel attractive to monsters.
It was a potion of mutation.
You feel extremely strange.
You occasionally lose the ability to drink potions when taking damage.
Menkaure hits you!
You feel threatened and lose the ability to drink potions!
You die...

##################
...)....รท.......@#
........######.#M#
........# #.#.#
........# #.#.#
........# #.#.#
##.##...# #.#.#
....)...######.#.#
........'....#.#.#
........####.#.#.#


You could see Menkaure.

Vanquished Creatures
  A scorpion (D:4)
  A jelly (D:4)
  3 adders (D:3)
  3 worms (D:3)
  A dart slug (D:1)
  6 orcs (D:3)
  7 bats
  7 endoplasms
  5 giant cockroaches
  5 hobgoblins
  3 jackals (D:4)
  10 kobolds
  A quokka (D:2)
  5 ball pythons
  4 frilled lizards
  4 goblins
  13 rats
79 creatures vanquished.

Vanquished Creatures (others)
  8 plants (D:2)
8 creatures vanquished.

Grand Total: 87 creatures vanquished

Notes
Turn   | Place    | Note
-------+----------+-------------------------------------------
     0 | D:1      | Gabide the Ogre Monk began the quest for the Orb.
     0 | D:1      | Reached XP level 1. HP: 24/24 MP: 1/1
   144 | D:1      | Reached XP level 2. HP: 32/32 MP: 2/2
   155 | D:1      | Found a faded altar of an unknown god.
   519 | D:2      | Reached XP level 3. HP: 38/40 MP: 3/3
  1087 | D:2      | Noticed Sigmund
  1210 | D:3      | Found a burning altar of Makhleb.
  1264 | D:3      | Found the +8 orange crystal plate armour {Archmagi, Int+3
                  | Clar}
  1306 | D:3      | Reached XP level 4. HP: 46/49 MP: 4/4
  1309 | D:3      | Identified the ring "Koicylim" {rPois rF- Int+6 Dex+4}
  1316 | D:3      | Reached skill level 5 in Fighting
  2341 | D:3      | Found a snail-covered altar of Cheibriados.
  2570 | D:3      | Reached XP level 5. HP: 57/57 MP: 5/5
  2682 | D:4      | Identified the +1 robe of the Lost Path {rPois Str+2 Dex+4}
  3581 | D:4      | Noticed a centaur
  3612 | D:5      | Entered Level 5 of the Dungeon
  3612 | D:5      | Noticed Edmund
  3657 | D:5      | Noticed Menkaure
  3670 | D:4      | Gained mutation: You occasionally lose the ability to drink
                  | potions when taking damage. [potion of mutation]
  3670 | D:4      | Demolished by Menkaure

Illustrated notes

Levels and vault maps discovered:
D:1:      dpeg_arrival_simpleton_c, layout_rooms,
          hellmonk_ecumenical_altar_heavens_door, minmay_rat_gold_closets
D:2:      layout_basic, chequers_serial_rivers_room_b, kennysheep_flooded_box,
          lexackson_kobold_supper, uniq_sigmund
D:3:      layout_loops_ring, cheibrodos_worm_habitat,
          mainiacjoe_overflow_cross_hatched, minmay_puff
D:4:      layout_basic, mainiacjoe_overflow_catwalk,
          amcnicky_mini_rare_corridor_liquid, uniq_eustachio
D:5:      layout_basic, nicolae_hepliaklqana_hippocampus,
          minmay_temple_entry_grid, uniq_pikel, uniq_menkaure, uniq_edmund

Skill      XL: |  1  2  3  4  5 |
---------------+----------------+-----
Dodging        | 3 4 |  4.0
Fighting       | 5 |  5.8
Polearms       | 4 |  4.3
Stealth        | |  1.4

Action                   |  1- 3 |  4- 6 || total
-------------------------+-------+-------++-------
Melee: Spear             |    98 |   150 ||   248
       Punch             |       |     2 ||     2
 Fire: Sling             |    68 |    39 ||   107
Throw: Throwing net      |       |     3 ||     3
  Use: Potion            |       |     6 ||     6
       Scroll            |       |     3 ||     3
 Stab: Sleeping          |     3 |       ||     3
Armor: Robe              |    27 |    32 ||    59
Dodge: Dodged            |    34 |    50 ||    84
